AoeStats
← Michi3052

MegaRandom

505981371Analyzed
1v1 RM · 20d ago on Sep 11, 2026· 34m 34s· 2 players
Game mode
Random Map
Map size
Tiny (2 player)
Population
200
Speed
Normal
Resources
Standard
Victory
Conquest
Starting age
Dark Age
Ending age
Imperial Age
RankedLock teamsTeams togetherTeam positionsShared explorationLock speedFull tech treeHidden civsTurbo modeCheats
Victory
Defeat
🇪🇸 Portuguese · Spain
726
+16
🇲🇽 Malay · Mexico
731
-16
Michi3052
7:45 Loom
8:12 Loom
12:17 Feudal Age
12:21 Man-at-Arms
13:45 Horse Collar
24:16 Castle Age
25:42 Heavy Plow
27:53 Double-Bit Axe
27:46 Long Swordsman
28:17 Gambesons
29:15 Bow Saw
Bichofan
6:28 Loom
14:02 Feudal Age
14:57 Man-at-Arms
22:23 Arson
22:49 Double-Bit Axe
27:23 Castle Age
28:36 Bow Saw
31:30 Crossbowman
Connection lost

Rejoining the realm…

Still unreachable

The connection could not be restored.

Session expired

The server has moved on; the page needs a fresh start.